 Dungeon Crawl Stone Soup version 0.22.1-1-ga44c0e56f4 (webtiles) character file.

237 D1HalberdGnoll the Skirmisher (level 6, -2/52 HPs)
             Began as a Ghoul Fighter on Nov 3, 2018.
             Killed from afar by an orc wizard (8 damage)
             ... with a magic dart
             ... on level 4 of the Dungeon.
             The game lasted 00:03:57 (2153 turns).

D1HalberdGnoll the Skirmisher (Ghoul Fighter)       Turns: 2153, Time: 00:03:57

Health: -2/52      AC:  9    Str: 25    XL:     6   Next: 6%
Magic:  5/5        EV:  7    Int:  4    God:
Gold:   134        SH:  9    Dex:  9    Spells: 5/5 levels left

rFire    . . .     SeeInvis .   a - +0 war axe
rCold    + . .     Gourm    .   c - +0 shield
rNeg     + + +     Faith    .   b - +1 scale mail
rPois    ∞         Spirit   .   o - +0 helmet
rElec    .         Reflect  .   (no cloak)
rCorr    .         Harm     .   (no gloves)
MR       .....                  (no boots)
Stlth    ..........             (no amulet)
HPRegen  0.00/turn              (no ring)
MPRegen  0.09/turn              (no ring)

@: mighty, rotting
A: rotting body, claws 1, carnivore, cold resistance 1, negative energy
resistance 3, inhibited regeneration, torment resistance, unbreathing
a: no special abilities


You were on level 4 of the Dungeon.
You were not hungry.

You visited 1 branch of the dungeon, and saw 4 of its levels.

You collected 134 gold pieces.

Inventory:

Hand Weapons
 a - a +0 war axe (weapon)
Armour
 b - a +1 scale mail (worn)
 c - a +0 shield (worn)
 o - a +0 helmet (worn)
Jewellery
 l - an uncursed ring of ice {unknown}
Wands
 h - a wand of random effects (11)
Scrolls
 g - a scroll of identify
 j - 4 scrolls of remove curse
 k - a scroll of teleportation
 n - 3 scrolls of enchant armour
Potions
 i - a potion of resistance
Comestibles
 f - 6 rations


   Skills:
 + Level 4.3 Fighting
 * Level 3.8 Axes
 + Level 3.5 Armour
 + Level 3.6 Shields


You had 5 spell levels left.
You didn't know any spells.
Your spell library was empty.

Dungeon Overview and Level Annotations

Branches:
Dungeon (4/15)
 Temple: D:4-7

Altars:
Elyvilon
The Shining One


Innate Abilities, Weirdness & Mutations

Your body is rotting away.
You thrive on raw meat.
You are immune to poison.
You have sharp fingernails.
You are carnivorous and can eat meat at any time.
Your flesh is cold resistant. (rC+)
You are immune to negative energy. (rN+++)
You do not regenerate when monsters are visible.
You are immune to unholy pain and torment.
You can survive without breathing.


Message History

* * * LOW HITPOINT WARNING * * *
Something hits you but does no damage.
You miss something.
Something hits you but does no damage. x2
Okay, then.
You closely miss something.
Something hits you but does no damage. x2
You closely miss something. Something hits you.
* * * LOW HITPOINT WARNING * * *
Something hits you but does no damage.
You miss something. Something hits you but does no damage. Something hits you.
* * * LOW HITPOINT WARNING * * *
You closely miss something. Something hits you but does no damage.
You block something's attack.
You barely miss something.
You hear some strange, mumbled words.
Something hits you but does no damage.
Your shield and scale mail prevent you from hitting something.
You hear some strange, mumbled words.
A magic dart appears from out of thin air!
The magic dart hits you!
You die...

#......# #......#
####......#
#.........#
#.###.....#
#.###.....#
#....##.#.#
####.##.#.#
######.##.#@#
#.........#{#
#.....#####h######.#
#..........w).......
#....?#####..).o.#.#
#.....# ######.#
#.....# o. #.....# #
#######


You could see a black bear and a worm.

Vanquished Creatures
  A bullfrog zombie (D:3)
  An orc priest (D:4)
  A hound (D:4)
  An orc wizard (D:4)
  2 adders
  An ooze (D:1)
  4 worms
  3 dart slugs
  3 leopard geckos
  3 orcs
  5 giant cockroaches
  14 goblins
  6 hobgoblins
  3 jackals (D:1)
  4 ball pythons
  7 bats
  A frilled lizard (D:2)
  11 kobolds
  3 rats
74 creatures vanquished.

Vanquished Creatures (others)
  A quokka (D:3)
1 creature vanquished.

Grand Total: 75 creatures vanquished

Notes
Turn   | Place    | Note
-------+----------+-------------------------------------------
     0 | D:1      | D1HalberdGnoll the Ghoul Fighter began the quest for the
                  | Orb.
     0 | D:1      | Reached XP level 1. HP: 19/19 MP: 0/0
   138 | D:1      | Reached XP level 2. HP: 25/25 MP: 1/1
   200 | D:1      | HP: 1/25 [bat (1)]
   386 | D:1      | Reached XP level 3. HP: 28/30 MP: 2/2
   987 | D:2      | Reached XP level 4. HP: 34/40 MP: 3/3
  1612 | D:3      | Found a glowing golden altar of the Shining One.
  1744 | D:3      | Reached skill level 4 in Fighting
  1744 | D:3      | Reached XP level 5. HP: 40/46 MP: 4/4
  1767 | D:3      | Found a white marble altar of Elyvilon.
  2127 | D:4      | Noticed a black bear
  2131 | D:4      | Reached XP level 6. HP: 19/52 MP: 5/5
  2153 | D:4      | Killed from afar by an orc wizard

Skill      XL: |  1  2  3  4 |
---------------+-------------+-----
Axes           | 2 3 |  3.8
Shields        | 3 |  3.6
Armour         | 3 |  3.5
Fighting       | 4 |  4.3

Action                   |  1- 3 |  4- 6 || total
-------------------------+-------+-------++-------
Melee: War axe           |   155 |   148 ||   303
       Hand axe          |    25 |       ||    25
Evoke: Wand              |       |     2 ||     2
  Use: Scroll            |     5 |     3 ||     8
       Potion            |       |     1 ||     1
  Eat: Chunk             |    12 |     4 ||    16
Armor: Scale mail        |   111 |    97 ||   208
Dodge: Dodged            |    63 |    32 ||    95
Block: Shield            |   108 |    60 ||   168
